 Dungeon Crawl Stone Soup version 0.26.1-2-gb8aa6d0cf2 (webtiles) character file.

Game seed: 12177627435673727227

7004 Amaterasu the Carver (level 10, -2/93 HPs)
             Began as a Minotaur Fighter on Feb 13, 2021.
             Was a High Priest of Makhleb.
             Slain by Fannar
             ... wielding an uncursed staff of cold
              (12 damage)
             ... on level 10 of the Dungeon.
             The game lasted 00:11:50 (8853 turns).

Amaterasu the Carver (Minotaur Fighter)             Turns: 8853, Time: 00:11:51

Health: -2/93      AC: 15    Str: 24    XL:     10   Next: 82%
Magic:  12/12      EV: 11    Int:  5    God:    Makhleb [*****.]
Gold:   508        SH: 12    Dex: 10    Spells: 9/9 levels left

rFire    + . .     SeeInvis .   z - +3 long sword (curse)
rCold    . . .     Faith    +   c - +1 kite shield
rNeg     . . .     Spirit   .   i - +0 plate armour
rPois    .         Reflect  .   (helmet restricted)
rElec    .         Harm     .   w - +0 cloak
rCorr    .         Rampage  .   h - +0 pair of gloves
Will     .....                  (no boots)
Stlth    ..........             o - amulet of faith
HPRegen  0.25/turn              v - ring of protection from fire
MPRegen  0.13/turn              l - +4 ring of evasion

@: no status effects
A: retaliatory headbutt, horns 2
a: Renounce Religion, Minor Destruction, Lesser Servant of Makhleb, Major
Destruction, Greater Servant of Makhleb


You were on level 10 of the Dungeon.
You worshipped Makhleb.
Makhleb was extremely pleased with you.
You visited 1 branch of the dungeon, and saw 10 of its levels.

You collected 508 gold pieces.

Inventory:

Hand Weapons
 z - a cursed +3 long sword (weapon)
Armour
 c - a +1 kite shield (worn)
 h - a +0 pair of gloves (worn)
 i - a +0 plate armour (worn)
 w - a +0 cloak (worn)
Jewellery
 b - an uncursed amulet of regeneration {unknown}
 l - a +4 ring of evasion (right hand)
 o - an amulet of faith (around neck)
 v - a ring of protection from fire (left hand)
 x - an uncursed amulet of the acrobat
Wands
 g - a wand of polymorph (7)
 j - a wand of paralysis (13)
 q - a wand of acid (10)
 y - a wand of random effects (8)
Scrolls
 a - a scroll of immolation
 d - 4 scrolls of teleportation
 e - 3 scrolls of enchant armour
 s - a scroll of enchant weapon
 u - 2 scrolls of magic mapping
Potions
 f - 9 potions of curing
 k - a potion of attraction
 m - a potion of invisibility
 n - a potion of ambrosia
 p - a potion of mutation
 r - 2 potions of lignification


   Skills:
 * Level 10.0 Fighting
 * Level 12.3 Long Blades
 * Level 7.2 Armour
 * Level 5.2 Dodging
 * Level 7.2 Shields
 * Level 5.1 Invocations
 * Level 0.9 Evocations


You had 9 spell levels left.
You didn't know any spells.
Your spell library contained the following spells:

 Spells                   Type           Power        Failure   Level
 Corona                   Hex            0%           100%        1
 Magic Dart               Conj           0%           100%        1
 Shock                    Conj/Air       0%           100%        1
 Ensorcelled Hibernation  Hex/Ice        0%           100%        2
 Searing Ray              Conj           0%           100%        2
 Swiftness                Air            0%           100%        2
 Confusing Touch          Hex            0%           100%        3
 Dazzling Flash           Conj/Hex       0%           100%        3
 Static Discharge         Conj/Air       0%           100%        3
 Tukima's Dance           Hex            0%           100%        3
 Airstrike                Air            0%           100%        4
 Fulminant Prism          Conj/Hex       0%           100%        4
 Iskenderun's Mystic Bla  Conj/Tloc      0%           100%        4
 Lightning Bolt           Conj/Air       0%           100%        5


Dungeon Overview and Level Annotations

Branches:
Dungeon (10/15)            Temple (0/1) D:5            Lair (0/6) D:9
    Orc: D:9-12

Altars:
Ashenzari
Kikubaaqudgha
Makhleb
Nemelex Xobeh
Qazlal
Ru
Sif Muna
Trog
Xom
Yredelemnul
Zin

Shops:
D:7 (   D:8 !

Annotations:
D:10 Fannar


Innate Abilities, Weirdness & Mutations

You reflexively headbutt those who attack you in melee.
You have a pair of horns on your head.


Message History

The ice beast hits you but does no damage.
You feel much better. You block the ice beast's attack.
Fannar hits you but does no damage. Fannar freezes you!
The ice beast hits you but does no damage.
You hit Fannar but do no damage.
Fannar is severely wounded.
The ice beast completely misses you.
Fannar mumbles some strange words.
Fannar drains the heat from the surrounding environment!
You feel very cold.
* * * LOW HITPOINT WARNING * * *
Fannar is frozen.
Fannar resists.
The ice beast hits you but does no damage.
You hit Fannar. Your headbutt misses Fannar.
Fannar is severely wounded.
You block the ice beast's attack.
Fannar hits you with an uncursed staff of cold.
* * * LOW HITPOINT WARNING * * *
Fannar freezes you!
You die...

..................##
...................##
......<.............#
...................##
..................##
##############..###
#..# ##e## ####
##@#####..#
##YY.(.)..#
##........##
##.........#
#.........##
##......### ########


You could see Fannar (icy armour) and 2 ice beasts.

Vanquished Creatures
  A two-headed ogre (D:8)
  The ghost of funkygono the Destroyer, a novice DrCj (D:7)
  Grinder (D:3)
  A hornet (D:10)
  5 yaks (D:9)
  A soldier ant (D:10)
  Duvessa (D:5)
  2 ice beasts
  2 orc warriors
  3 sky beasts
  2 phantoms
  A black bear (D:9)
  3 ogres
  4 centaurs
  4 bullfrogs
  Dowan (D:5)
  4 scorpions
  A water moccasin skeleton (D:6)
  9 killer bees (D:7)
  18 wights
  An electric eel (D:8)
  2 howler monkeys
  2 quasits
  A bullfrog zombie (D:9)
  2 jellies
  7 orc priests
  2 hounds
  An iguana (D:9)
  8 orc wizards
  Jessica (D:3)
  8 worker ants
  Natasha (thrice) (D:3)
  A killer bee zombie (D:9)
  A hound zombie (D:6)
  A worker ant zombie (D:9)
  8 gnolls
  15 adders
  2 white imps
  2 ufetubi
  An adder skeleton (D:8)
  5 worms
  A dart slug (D:2)
  4 leopard geckos
  27 orcs
  5 giant cockroaches
  3 goblins
  9 hobgoblins
  8 jackals
  5 kobolds
  8 quokkas
  6 bats
  4 frilled lizards
  A leopard gecko skeleton (D:4)
  A quokka skeleton (D:4)
  9 rats
230 creatures vanquished.

Vanquished Creatures (others)
  A fungus (D:10)
  4 withered plants (D:2)
5 creatures vanquished.

Grand Total: 235 creatures vanquished

Notes
Turn   | Place    | Note
-------+----------+-------------------------------------------
     0 | D:1      | Amaterasu the Minotaur Fighter began the quest for the Orb.
     0 | D:1      | Reached XP level 1. HP: 19/19 MP: 0/0
   176 | D:1      | Reached XP level 2. HP: 25/27 MP: 1/1
   427 | D:1      | Reached skill level 3 in Long Blades
   695 | D:2      | Reached XP level 3. HP: 34/34 MP: 2/2
  1048 | D:2      | Found a burning altar of Makhleb.
  1076 | D:2      | Found a glowing silver altar of Zin.
  1077 | D:2      | Noticed a cacodemon
  1077 | D:2      | Noticed an angel
  1082 | D:2      | Became a worshipper of Makhleb the Destroyer
  1305 | D:2      | Found an ancient bone altar of Kikubaaqudgha.
  1396 | D:2      | Reached skill level 4 in Long Blades
  1605 | D:3      | Noticed Natasha
  1608 | D:3      | Killed Natasha
  1609 | D:3      | Reached skill level 5 in Fighting
  1609 | D:3      | Reached XP level 4. HP: 42/42 MP: 3/3
  1702 | D:3      | Noticed Grinder
  1703 | D:3      | Noticed Jessica
  1705 | D:3      | Paralysed by Grinder for 5 turns
  1715 | D:3      | Killed Grinder
  1716 | D:3      | Reached skill level 5 in Long Blades
  1716 | D:3      | Reached XP level 5. HP: 30/50 MP: 4/4
  1716 | D:3      | Reached XP level 6. HP: 34/57 MP: 5/5
  1716 | D:3      | Killed Jessica
  1716 | D:3      | Reached * piety under Makhleb
  1734 | D:3      | Noticed Natasha
  1743 | D:3      | Killed Natasha
  1799 | D:3      | Noticed Natasha
  1804 | D:3      | Killed Natasha
  1805 | D:3      | Reached skill level 6 in Long Blades
  1938 | D:3      | Reached skill level 1 in Invocations
  2278 | D:4      | Reached skill level 1 in Dodging
  2314 | D:4      | Reached ** piety under Makhleb
  2364 | D:4      | Reached XP level 7. HP: 63/63 MP: 6/6
  2831 | D:4      | Reached skill level 7 in Long Blades
  2831 | D:4      | Reached skill level 5 in Shields
  3103 | D:4      | Found a basalt altar of Yredelemnul.
  3128 | D:4      | Reached skill level 5 in Armour
  3213 | D:4      | Reached *** piety under Makhleb
  3475 | D:5      | Entered Level 5 of the Dungeon
  3488 | D:5      | Reached XP level 8. HP: 70/70 MP: 8/8
  3612 | D:5      | Noticed Duvessa
  3612 | D:5      | Noticed Dowan
  3623 | D:5      | Killed Duvessa
  3637 | D:5      | Killed Dowan
  3806 | D:5      | Reached skill level 8 in Long Blades
  3902 | D:5      | Found a sparkling altar of Nemelex Xobeh.
  4333 | D:5      | Found a staircase to the Ecumenical Temple.
  4438 | D:5      | Found a shimmering altar of Xom.
  4442 | D:5      | Found a shimmering blue altar of Sif Muna.
  4442 | D:5      | Found a broken altar of Ashenzari.
  4444 | D:5      | Found a sacrificial altar of Ru.
  4447 | D:5      | Found a bloodstained altar of Trog.
  5255 | D:6      | Reached **** piety under Makhleb
  5330 | D:6      | Reached XP level 9. HP: 74/75 MP: 10/10
  5578 | D:7      | Found Mocirriq's Weapon Boutique.
  5702 | D:7      | Reached skill level 9 in Long Blades
  6327 | D:7      | Found a runed translucent gate.
  6329 | D:7      | Found a runed translucent gate.
  6330 | D:7      | Found a runed translucent gate.
  6331 | D:7      | Noticed funkygono's ghost (novice DrCj)
  6381 | D:7      | Killed funkygono's ghost
  6382 | D:7      | Reached skill level 10 in Long Blades
  6382 | D:7      | Reached skill level 5 in Dodging
  6465 | D:7      | Found a stormy altar of Qazlal.
  7316 | D:8      | Found Winal's Distillery.
  7345 | D:8      | Reached skill level 11 in Long Blades
  7388 | D:8      | Noticed a two-headed ogre
  7401 | D:8      | Killed a two-headed ogre
  7402 | D:8      | Reached XP level 10. HP: 62/88 MP: 12/12
  7814 | D:9      | Found a staircase to the Lair.
  7878 | D:9      | Reached ***** piety under Makhleb
  8022 | D:9      | Reached skill level 12 in Long Blades
  8212 | D:9      | Reached skill level 5 in Invocations
  8540 | D:10     | Entered Level 10 of the Dungeon
  8756 | D:10     | Reached skill level 10 in Fighting
  8777 | D:10     | Paralysed by a hornet for 2 turns
  8779 | D:10     | Noticed Fannar
  8853 | D:10     | Slain by Fannar

Illustrated notes

Levels and vault maps discovered:
D:1:      lemuel_arrival_room, layout_loops_ring
D:2:      layout_basic, grunt_temple_overflow_order_and_chaos_2,
          kiku_gazebo_garden_becter
D:3:      layout_basic, grunt_decor_one_mirror, uniq_jessica, uniq_grinder,
          uniq_natasha
D:4:      layout_basic, yredelemnul_altar_generic
D:5:      layout_basic, lemuel_doored_altar, minitemple,
          minmay_temple_entry_offerings, uniq_duvessa
D:6:      layout_basic
D:7:      layout_basic, nicolae_overflow_crystal_walls,
          ebering_ghost_rock_garden, serial_shops, nicolae_shop_crystal
D:8:      layout_loops_corners, serial_shops, kennysheep_little_box,
          nicolae_water_bricks
D:9:      layout_basic, lair_entry_dummy
D:10:     layout_cave_pods, serial_shops, shop_fountains,
          minmay_misc_feat_plants, uniq_maggie, uniq_fannar

Skill      XL: |  1  2  3  4  5  6  7  8  9 10 |
---------------+-------------------------------+-----
Fighting       | 4 5 6 7 10 | 10.0
Long Blades    | 3 4 5 6 7 8 11 12 | 12.3
Armour         | 4 5 6 7 |  7.2
Shields        | 4 5 6 7 |  7.2
Invocations    | 1 2 3 4 5 |  5.1
Dodging        | 1 2 4 5 |  5.2
Evocations     | |  0.9

Action                   |  1- 3 |  4- 6 |  7- 9 | 10-12 || total
-------------------------+-------+-------+-------+-------++-------
Melee: Long sword        |    80 |    86 |   461 |   206 ||   833
       Headbutt          |    18 |    18 |    95 |    41 ||   172
  Use: Scroll            |     5 |     2 |     4 |     8 ||    19
       Potion            |       |     1 |       |     4 ||     5
Armor: Scale mail        |    31 |       |       |       ||    31
       Chain mail        |       |    32 |    53 |       ||    85
       Plate armour      |       |       |    81 |    86 ||   167
Dodge: Dodged            |    27 |    42 |   161 |    64 ||   294
Block: Kite shield       |    38 |    53 |   265 |    98 ||   454
       Rpst.: Long sword |     7 |    11 |    38 |    22 ||    78
